 Seeded DCSS version 0.28-a0-1395-g4f6bc678fa (webtiles) character file.

Game seed: 20220105 (custom seed)

11924 a11behringer the Bludgeoner (level 11, 0/148 HPs)
             Began as a Minotaur Berserker on Jan 5, 2022.
             Was an Elder of Trog.
             Slain by a troll (6 damage)
             ... on level 12 of the Dungeon.
             The game lasted 00:22:56 (11320 turns).

a11behringer the Bludgeoner (Minotaur Berserker)   Turns: 11320, Time: 00:22:57

Health: 0/148      AC: 21    Str: 26    XL:     11   Next: 55%
Magic:  10/10      EV:  6    Int:  6    God:    Trog [****..]
Gold:   606        SH:  0    Dex: 10    Spells: 10/10 levels left

rFire   + . .      SeeInvis .   u - +3 morningstar
rCold   + . .      Faith    .   (no shield)
rNeg    + . .      Spirit   .   G - +1 gold dragon scales
rPois   +          Reflect  .   (helmet restricted)
rElec   .          Harm     .   g - +0 cloak of the Present {Contam rN+ rCorr Int+2}
rCorr   +          Rampage  .   (no gloves)
Will    +++..                   v - +0 pair of boots
Stlth   ..........              (no amulet)
HPRegen 1.34/turn               j - ring of flight
MPRegen 0.12/turn               i - ring of Ephemeral Luck {Fly Will+ rCorr Stlth+}

@: berserking, strong-willed, flying, regenerating, slowed, studying Bows
A: horns 2, retaliatory headbutt
a: Renounce Religion, Berserk, Trog's Hand, Brothers in Arms


You were on level 12 of the Dungeon.
You worshipped Trog.
Trog was greatly pleased with you.
You visited 1 branch of the dungeon, and saw 12 of its levels.

You collected 606 gold pieces.

Inventory:

Hand Weapons
 a - a +0 mace
 b - a +2 antimagic whip
 u - a +3 morningstar (weapon)
 x - a +2 whip of flaming
 y - a +2 flail of protection
 F - a +0 shortbow
Missiles
 n - 243 arrows
 o - 143 bolts
 E - 5 throwing nets (quivered)
Armour
 d - a +2 robe of willpower
 g - the +0 cloak of the Present (worn) {Contam rN+ rCorr Int+2}
   (You acquired it on level 6 of the Dungeon)

   Int:       It affects your intelligence (+2).
   rN:        It protects you from negative energy.
   Contam:    It causes magical contamination when unequipped.
   rCorr:     It protects you from acid and corrosion.
 h - a +3 leather armour
 v - a +0 pair of boots (worn)
 G - +1 gold dragon scales (worn)
Jewellery
 i - the ring of Ephemeral Luck (right hand) {Fly Will+ rCorr Stlth+}
   (You found it on level 6 of the Dungeon)

   [ring of resist corrosion]

   Fly:       It grants you flight.
   rCorr:     It protects you from acid and corrosion.
   Will:      It increases your willpower.
   Stlth:     It makes you more stealthy.
 j - a ring of flight (left hand)
 m - a ring of ice
 L - a ring of magical power
Wands
 t - a wand of digging (6)
 w - a wand of iceblast (18)
 H - a wand of acid (2)
 J - a wand of polymorph (5)
 M - a wand of paralysis (6)
Scrolls
 s - a scroll of holy word
 C - 3 scrolls of teleportation
 O - a scroll of fog
Potions
 c - 5 potions of flight
 e - a potion of heal wounds {unknown}
 f - 7 potions of curing
 l - 4 potions of mutation {unknown}
 p - 4 potions of haste
 q - 2 potions of magic
 z - 3 potions of lignification {unknown}
 A - 3 potions of might
 B - a potion of berserk rage
 D - a potion of attraction {unknown}
 I - 2 potions of cancellation {unknown}
 K - 8 potions of ambrosia


   Skills:
 + Level 9.7 Fighting
 * Level 17.2 Maces & Flails
 + Level 10.6 Armour
 + Level 3.3 Dodging


You had 10 spell levels left.
You didn't know any spells.
Your spell library was empty.

Dungeon Overview and Level Annotations

Branches:
Dungeon (12/15)            Temple (0/1) D:5            Lair (0/6) D:8
    Orc: D:9-12

Altars:
Qazlal

Shops:
D:5 [


Innate Abilities, Weirdness & Mutations

You have a pair of horns on your head.
You reflexively headbutt those who attack you in melee.


Message History

The freezing wraith hits you but does no damage.
You are too injured to fight recklessly!
You are too injured to fight recklessly!
Your skin crawls.
You feel strong-willed. The troll closely misses you.
The troll claws you but does no damage. The troll completely misses you.
The troll barely misses you.
The troll claws you but does no damage. x2
The freezing wraith hits you but does no damage.
The freezing wraith hits you.
* * * LOW HITPOINT WARNING * * *
The freezing wraith drains your vigour!
You feel yourself slow down.
A red film seems to cover your vision as you go berserk!
You feel yourself moving faster!
You feel mighty! The troll bites you but does no damage.
The troll claws you but does no damage. x2
The troll bites you but does no damage. The troll claws you!
* * * LOW HITPOINT WARNING * * *
The troll claws you but does no damage.
The freezing wraith hits you but does no damage. x2
The troll bites you!
* * * LOW HITPOINT WARNING * * *
The troll barely misses you. The troll claws you!
* * * LOW HITPOINT WARNING * * *
You sock the freezing wraith!
You destroy the freezing wraith!
Trog accepts your kill. The troll bites you but does no damage.
The troll claws you but does no damage. x2
You closely miss the troll. You headbutt the troll!
The troll is moderately wounded.
The troll bites you.
* * * LOW HITPOINT WARNING * * *
The troll claws you but does no damage. x2; The troll bites you!
* * * LOW HITPOINT WARNING * * *
The troll claws you but does no damage. The troll barely misses you.
You impale the troll!!
You feel the power of Trog in you as your rage grows.
You kill the troll!
Trog accepts your kill. The troll barely misses you. The troll claws you.
You die...

####.# #≈# ..##.# #≈#
..##.# #≈# ..##.###≈# ##
..<#....≈# ...
..##.##.≈# ....
..##.###≈##########''###
..##.# #≈≈≈≈≈≈≈≈≈≈≈≈≈≈≈≈
..##.# #........@)......
..##.# ###.......T......
..##.# #.............#
..##.# #.###########.#
..##.# #.# # ..##.# #.#
..##.#####.#
..##.......#
############


You could see a troll.

Vanquished Creatures
  2 two-headed ogres (D:9)
  Urug (D:10)
  Pikel (D:8)
  A deep elf pyromancer (D:12)
  An ugly thing (D:8)
  A kobold demonologist (D:12)
  A freezing wraith (D:12)
  2 trolls
  A queen bee (D:10)
  A hornet (D:8)
  A meliai zombie (D:11)
  2 wraiths (D:11)
  5 yaks (D:12)
  3 wyverns
  2 vampire mosquitoes (D:11)
  A basilisk (D:11)
  A water elemental (D:12)
  Edmund (D:5)
  Menkaure (D:6)
  A water moccasin (D:6)
  5 orc warriors
  A sky beast (D:5)
  An ice beast (D:7)
  4 necrophages
  An ogre (D:4)
  4 black bears
  A phantom (D:6)
  7 centaurs
  3 kobold brigands (D:12)
  3 bullfrogs
  A wyvern zombie (D:8)
  A scorpion (D:4)
  A wyvern skeleton (D:6)
  24 killer bees
  8 wights
  3 howler monkeys (D:7)
  2 centaur zombies
  A jelly (D:6)
  2 bullfrog skeletons
  3 orc priests
  3 hounds
  Crazy Yiuf (D:2)
  Jessica (D:2)
  3 iguanas
  11 orc wizards
  A scorpion zombie (D:5)
  A hound zombie (D:5)
  A hound skeleton (D:4)
  A howler monkey zombie (D:10)
  12 adders
  7 gnolls
  2 worms
  2 dart slugs
  32 orcs
  8 ball pythons
  4 endoplasms
  3 giant cockroaches
  3 goblins
  8 hobgoblins
  9 kobolds
  2 quokkas
  5 bats
  2 frilled lizards
  2 rats
230 creatures vanquished.

Vanquished Creatures (others)
  2 plants (D:4)
2 creatures vanquished.

Grand Total: 232 creatures vanquished

Notes
Turn   | Place    | Note
-------+----------+-------------------------------------------
     0 | D:1      | a11behringer the Minotaur Berserker began the quest for the
                  | Orb.
     0 | D:1      | Reached XP level 1. HP: 19/19 MP: 0/0
   138 | D:1      | Reached skill level 4 in Maces & Flails
   138 | D:1      | Reached XP level 2. HP: 22/27 MP: 1/1
   865 | D:2      | Noticed Jessica
   878 | D:2      | Reached XP level 3. HP: 33/33 MP: 2/2
   880 | D:2      | Killed Jessica
   881 | D:2      | Reached skill level 5 in Maces & Flails
   942 | D:2      | Reached XP level 4. HP: 37/40 MP: 3/3
  1258 | D:2      | Found a faded altar of an unknown god.
  1746 | D:2      | Found a runed translucent door.
  1747 | D:2      | Noticed Crazy Yiuf
  1755 | D:2      | Killed Crazy Yiuf
  1826 | D:3      | Reached XP level 5. HP: 47/47 MP: 4/4
  2448 | D:3      | Reached skill level 6 in Maces & Flails
  2754 | D:4      | Noticed a black bear
  2767 | D:4      | Killed a black bear
  2931 | D:4      | Noticed a necrophage
  2937 | D:4      | Killed a necrophage
  2938 | D:4      | Reached skill level 7 in Maces & Flails
  2938 | D:4      | Reached XP level 6. HP: 55/55 MP: 5/5
  3433 | D:4      | Reached skill level 5 in Fighting
  3462 | D:4      | Reached XP level 7. HP: 61/61 MP: 6/6
  3542 | D:4      | Reached ** piety under Trog
  3606 | D:4      | Reached skill level 5 in Armour
  3663 | D:4      | Reached skill level 8 in Maces & Flails
  4083 | D:4      | Found a stormy altar of Qazlal.
  4302 | D:5      | Entered Level 5 of the Dungeon
  4417 | D:5      | Reached skill level 9 in Maces & Flails
  4519 | D:5      | Noticed Edmund
  4534 | D:5      | Killed Edmund
  4535 | D:5      | Reached XP level 8. HP: 69/69 MP: 7/7
  4655 | D:5      | Found a staircase to the Ecumenical Temple.
  4665 | D:5      | Found Aguumeta's Armour Boutique.
  5137 | D:6      | Reached skill level 10 in Maces & Flails
  5231 | D:6      | Noticed Menkaure
  5239 | D:6      | Killed Menkaure
  5511 | D:6      | Reached skill level 11 in Maces & Flails
  5851 | D:6      | Reached XP level 9. HP: 69/75 MP: 8/8
  5919 | D:6      | Identified a scroll of acquirement
  5919 | D:6      | Acquired the +0 cloak of the Present {Contam rN+ rCorr
                  | Int+2}
  5942 | D:6      | Identified the ring of Ephemeral Luck {Fly Will+ rCorr
                  | Stlth+}
  6286 | D:7      | Reached skill level 12 in Maces & Flails
  6299 | D:7      | Reached *** piety under Trog
  6873 | D:7      | Reached skill level 13 in Maces & Flails
  7270 | D:8      | Noticed a green ugly thing
  7277 | D:8      | Killed a green ugly thing
  7282 | D:8      | Reached skill level 14 in Maces & Flails
  7282 | D:8      | Reached XP level 10. HP: 86/86 MP: 9/9
  7519 | D:8      | Found a staircase to the Lair.
  7602 | D:8      | Noticed Pikel
  7611 | D:8      | Killed Pikel
  8139 | D:9      | Reached **** piety under Trog
  8266 | D:9      | Noticed a two-headed ogre
  8267 | D:9      | Noticed a two-headed ogre
  8275 | D:9      | Killed a two-headed ogre
  8276 | D:9      | Reached skill level 15 in Maces & Flails
  8279 | D:9      | Killed a two-headed ogre
  8689 | D:10     | Entered Level 10 of the Dungeon
  8928 | D:10     | Noticed Urug
  8940 | D:10     | Killed Urug
  8941 | D:10     | Reached skill level 16 in Maces & Flails
  9270 | D:10     | Reached XP level 11. HP: 79/95 MP: 10/10
 10988 | D:12     | Reached skill level 10 in Armour
 11096 | D:12     | Reached skill level 17 in Maces & Flails
 11301 | D:12     | Noticed a deep elf pyromancer
 11310 | D:12     | Killed a deep elf pyromancer
 11319 | D:12     | HP: 5/148 [troll (9)]
 11320 | D:12     | Slain by a troll

Illustrated notes

Levels and vault maps discovered:
D:1:      tarquinn_simple_flora_water_e, layout_basic
D:2:      layout_loops_ring, shapermc_ecumenical_altar_notcrosses, uniq_jessica,
          uniq_crazy_yiuf_cottage
D:3:      layout_loops_ring
D:4:      layout_basic, lemuel_coloured_pillars_altar, nicolae_zen_rock_garden
D:5:      layout_cave_pools, minmay_temple_entry_slanted, serial_shops,
          nicolae_stop_n_shop_1, uniq_edmund
D:6:      layout_gridville, uniq_menkaure
D:7:      layout_basic, enter_bailey_7
D:8:      layout_basic, lair_entry_dummy, uniq_pikel
D:9:      layout_basic
D:10:     layout_basic, special_room [special_room_bee], minmay_door_square,
          uniq_urug
D:11:     layout_loops_ring
D:12:     lemuel_traditional_vault, layout_basic, minmay_orc_entry_temple_small

Skill      XL: |  1  2  3  4  5  6  7  8  9 10 11 |
---------------+----------------------------------+-----
Maces & Flails | 4 5 7 9 11 14 16 17 | 17.2
Fighting       | 4 5 6 7 8 9 |  9.7
Armour         | 3 4 6 7 9 10 | 10.6
Dodging        | 3 |  3.3

Action                   |  1- 3 |  4- 6 |  7- 9 | 10-12 || total
-------------------------+-------+-------+-------+-------++-------
Melee: Mace              |    47 |   102 |    80 |       ||   229
       Headbutt          |     5 |    13 |    43 |    58 ||   119
       Flail             |       |       |   123 |       ||   123
       Morningstar       |       |       |    53 |   269 ||   322
Invok: Berserk           |     1 |     4 |     4 |     5 ||    14
       Trog's Hand       |       |       |     2 |     4 ||     6
  Use: Scroll            |       |       |    12 |     4 ||    16
Armor: Animal skin       |     1 |       |       |       ||     1
       Leather armour    |     9 |       |       |       ||     9
       Chain mail        |    14 |    53 |    83 |       ||   150
       Gold dragon scale |       |       |    73 |   191 ||   264
Dodge: Dodged            |    26 |    45 |    98 |    76 ||   245

Table legend: (Time is in decaauts)
 A = Elapsed time spent in this place.
 B = Non-inter-level travel time spent in this place.
 C = Inter-level travel time spent in this place.
 D = Time resting spent in this place.
 E = Time spent auto-exploring this place.
 F = Levels seen in this place.
 G = Mean time per level.
                   A        B        C        D        E       F      G
               +--------+--------+--------+--------+--------+-----+--------+
         Total |  11344 |  10462 |    882 |    176 |   8984 |  12 |  945.3 |
       Dungeon |  11344 |  10462 |    882 |    176 |   8984 |  12 |  945.3 |
               +--------+--------+--------+--------+--------+-----+--------+

Top non-repeatable levels by time:
     D:4: 1579 daAuts
    D:10: 1454 daAuts
     D:6: 1088 daAuts
     D:7: 1050 daAuts
     D:2: 1005 daAuts
     D:3: 946 daAuts
     D:8: 857 daAuts
     D:1: 847 daAuts
     D:5: 766 daAuts
    D:11: 738 daAuts
     D:9: 620 daAuts
    D:12: 388 daAuts
